 Dungeon Crawl Stone Soup version 0.28-a0-1447-ga5a8893891 (webtiles) character file.

Game seed: 14102001056071038313

178 ytrimaz the Insei (level 5, -4/30 HPs)
             Began as an Octopode Transmuter on Jan 10, 2022.
             Slain by an elf zombie (8 damage)
             ... in an ossuary.
             The game lasted 00:03:24 (3088 turns).

ytrimaz the Insei (Octopode Transmuter)             Turns: 3088, Time: 00:03:25

Health: -4/30      AC:  1    Str:  9    XL:     5   Next: 58%
Magic:  7/9        EV: 13    Int: 17    God:
Gold:   80         SH:  0    Dex: 13    Spells: 4/10 levels left

rFire   . . .      SeeInvis .     - Unarmed
rCold   + . .      Faith    .   (no shield)
rNeg    . . .      Spirit   .   (helmet currently unavailable)
rPois   .          Reflect  .   (no amulet)
rElec   .          Harm     .   (no ring)
rCorr   .          Rampage  .   (no ring)
Will    .....                   (no ring)
Stlth   ++........              (no ring)
HPRegen 0.10/turn               (no ring)
MPRegen 0.11/turn               (no ring)
                                (no ring)
                                (no ring)

@: appendages, wereblooded, hasted, very quick
A: tentacle spike 3, almost no armour, amphibious, 8 rings, camouflage 1,
gelatinous body 1, (nimble swimmer 1), tentacles, cold resistance 1, frail 1
a: End Transformation


You were in an ossuary.
One of your tentacles had grown a beastly spike.
You visited 1 branch of the dungeon, and saw 4 of its levels.
You also visited: Ossuary.

You collected 80 gold pieces.

Inventory:

Wands
 g - a wand of flame (10)
Potions
 b - 2 potions of curing
 c - a potion of haste
 d - a potion of might {unknown}
 e - a potion of ambrosia {unknown}


   Skills:
 * Level 1.7 Fighting
 * Level 2.6 Dodging
 + Level 3.9 Unarmed Combat
 * Level 3.0 Spellcasting
 * Level 3.2 Transmutations
 * Level 0.5 Poison Magic


You had 4 spell levels left.
You knew the following spells:

 Your Spells              Type           Power      Damage    Failure   Level
a - Beastly Appendage     Tmut           26%        N/A       4%          1
b - Wereblood             Tmut           13%        N/A       7%          2
c - Spider Form           Tmut/Pois      9%         N/A       24%         3

Your spell library contained the following spells:

 Spells                   Type           Power      Damage    Failure   Level
 Passwall                 Tmut/Erth      6%         N/A       14%         2
 Freeze                   Ice            8%         1d3       17%         1
 Sandblast                Erth           4%         2d4       17%         1
 Summon Small Mammal      Summ           8%         N/A       17%         1
 Call Canine Familiar     Summ           2%         N/A       45%         3
 Frozen Ramparts          Ice            4%         1d2       45%         3
 Stone Arrow              Conj/Erth      4%         3d7       45%         3
 Summon Guardian Golem    Hex/Summ       2%         N/A       45%         3
 Ice Form                 Ice/Tmut       8%         N/A       65%         4
 Hailstorm                Conj/Ice       2%         3d3       86%         4


Dungeon Overview and Level Annotations

Branches:
Dungeon (4/15)            Ossuary (1/1)
 Temple: D:4-7

Altars:
Vehumet


Innate Abilities, Weirdness & Mutations

One of your tentacles has grown a beastly spike.
You cannot wear most types of armour.
You are amphibious.
You can wear up to eight rings at the same time.
Your skin changes colour to match your surroundings (Stealth+).
Your rubbery body absorbs attacks. (AC +1, EV +1)
((You are camouflaged when in or above water. (Stealth+)))
You have tentacles for arms and can constrict up to eight enemies at once.
Your flesh is cold resistant. (rC+)
You are frail. (-10% HP)


Message History

The jackal zombie barely misses you. The hound zombie closely misses you.
The kobold zombie barely misses you. The rat zombie misses you.
The jackal zombie bites you.
Unknown command.
You tentacle-slap the elf zombie but do no damage.
Your grab misses the elf zombie.
Your tentacle spike misses the elf zombie.
The hound zombie closely misses you. The elf zombie misses you.
The jackal zombie bites you but does no damage.
You tentacle-slap the elf zombie. Your grab misses the elf zombie.
The elf zombie is lightly damaged.
The hound zombie completely misses you. The rat zombie closely misses you.
The kobold zombie barely misses you. The jackal zombie misses you.
The hound zombie bites you.
You tentacle-slap the elf zombie. You grab the elf zombie.
You pierce the elf zombie, but do no damage.
You squeeze the elf zombie!
The elf zombie is lightly damaged.
You constrict the elf zombie, but do no damage.
The elf zombie closely misses you. The rat zombie bites you.
The orc zombie hits you but does no damage.
The kobold zombie barely misses you. The hound zombie completely misses you.
The jackal zombie barely misses you.
It was a potion of mutation.
You feel extremely strange.
You feel resistant to cold.
You feel frail.
You constrict the elf zombie. The hobgoblin zombie hits you.
The hound zombie barely misses you. The elf zombie hits you!
* * * LOW HITPOINT WARNING * * *
The jackal zombie bites you but does no damage.
The rat zombie closely misses you. The kobold zombie closely misses you.
The orc zombie hits you but does no damage.
Unknown command.
It was a potion of haste.
You feel yourself speed up.
You howl as the wereblood boils in your veins!
You constrict the elf zombie. The hound zombie bites you.
* * * LOW HITPOINT WARNING * * *
The jackal zombie completely misses you.
The hobgoblin zombie completely misses you.
The elf zombie hits you!
You die...

..... .....
..... .....
.....#####.....
...............
...............
...............
......Z.Z......
......Z@ZZ.....
......ZZZ......
.......ZZ......
.......∩.......
...............
...............
...............
...............
...............


You could see a rat zombie, 2 jackal zombies, a hound zombie, 2 hobgoblin
zombies, a kobold zombie, an orc zombie and 2 elf zombies.

Vanquished Creatures
  A howler monkey (D:4)
  A hound zombie (Ossuary)
  A gnoll (D:1)
  5 adders
  2 worms
  A dart slug (D:1)
  2 orcs (D:3)
  11 ball pythons
  5 endoplasms
  3 giant cockroaches
  2 goblins (D:1)
  5 hobgoblins
  2 jackals (D:2)
  3 quokkas
  3 bats
  4 frilled lizards
  7 kobolds
  5 rats
  A rat zombie (Ossuary)
64 creatures vanquished.

Notes
Turn   | Place    | Note
-------+----------+-------------------------------------------
     0 | D:1      | ytrimaz the Octopode Transmuter began the quest for the
                  | Orb.
     0 | D:1      | Reached XP level 1. HP: 13/13 MP: 3/3
    68 | D:1      | Reached XP level 2. HP: 14/18 MP: 3/5
   476 | D:1      | Reached XP level 3. HP: 19/23 MP: 4/6
   479 | D:1      | Learned a level 2 spell: Wereblood
   483 | D:1      | Learned a level 3 spell: Spider Form
  1038 | D:2      | Found a faded altar of an unknown god.
  1345 | D:2      | Found a radiant altar of Vehumet.
  1440 | D:2      | Reached XP level 4. HP: 15/28 MP: 7/7
  2370 | D:3      | Identified the +9 flail of Hur Pou {venom, Fly rElec}
  2748 | D:3      | Reached XP level 5. HP: 25/33 MP: 7/9
  2996 | D:4      | Noticed a phantom
  3062 | D:4      | Found a sand-covered staircase.
  3071 | Ossuary  | Entered an ossuary
  3087 | Ossuary  | Gained mutation: Your flesh is cold resistant. (rC+)
                  | [potion of mutation]
  3087 | Ossuary  | Gained mutation: You are frail. (-10% HP) [potion of
                  | mutation]
  3088 | Ossuary  | Slain by an elf zombie

Illustrated notes

Levels and vault maps discovered:
D:1:      dpeg_arrival_pits, layout_basic
D:2:      layout_rooms, nicolae_ecumenical_snake_handling, basic_altar
D:3:      layout_loops_ring
D:4:      layout_cave_pools, minmay_temple_entry_sparse_star, enter_ossuary_1,
          palyth_stone_intersect
Ossuary:  ossuary_minmay_tomb_2a

Skill      XL: |  1  2  3  4  5 |
---------------+----------------+-----
Transmutations | 3 |  3.2
Spellcasting   | 3 |  3.0
Fighting       | |  1.7
Dodging        | |  2.6
Unarmed Combat | |  3.9
Poison Magic   | |  0.5

Action                   |  1- 3 |  4- 6 || total
-------------------------+-------+-------++-------
Melee: Unarmed           |    58 |    70 ||   128
       Constrict         |    18 |    18 ||    36
       Tentacles         |    12 |    16 ||    28
       Kick              |    17 |    16 ||    33
       Punch             |     2 |     1 ||     3
 Cast: Beastly Appendage |    17 |    19 ||    36
       Wereblood         |       |     1 ||     1
  Use: Scroll            |     2 |     2 ||     4
       Potion            |     1 |     2 ||     3
 Stab: Sleeping          |     3 |     2 ||     5
       Invisible         |     3 |       ||     3
Armor: Skin              |     2 |     7 ||     9
Dodge: Dodged            |    31 |    78 ||   109

Table legend: (Time is in decaauts)
 A = Elapsed time spent in this place.
 B = Non-inter-level travel time spent in this place.
 C = Inter-level travel time spent in this place.
 D = Time resting spent in this place.
 E = Time spent auto-exploring this place.
 F = Levels seen in this place.
 G = Mean time per level.
                   A        B        C        D        E       F      G
               +--------+--------+--------+--------+--------+-----+--------+
         Total |   3080 |   3002 |     78 |    237 |   2223 |   5 |  616.0 |
       Dungeon |   3064 |   2986 |     78 |    237 |   2223 |   4 |  766.0 |
       Ossuary |     16 |     16 |      0 |      0 |      0 |   1 |   16.0 |
               +--------+--------+--------+--------+--------+-----+--------+

Top non-repeatable levels by time:
     D:1: 1178 daAuts
     D:2: 937 daAuts
     D:3: 894 daAuts
     D:4: 53 daAuts
 Ossuary: 16 daAuts
